AoeStats
← Alexspiration

Arena

507743005Analyzed
4v4 RM · 14d ago on Sep 19, 2026· 31m 0s· 8 players
Game mode
Random Map
Map size
Large (8 player)
Population
200
Speed
Normal
Resources
Standard
Victory
Conquest
Starting age
Dark Age
Ending age
Imperial Age
RankedLock teamsTeams togetherTeam positionsShared explorationLock speedFull tech treeHidden civsTurbo modeCheats
Victory
Defeat
🇦🇹 Turks · Austria
1587
+12
🇹🇷 Cumans · Türkiye
1582
+12
🇨🇳 Malians · China
1543
+14
1501
+16
🇺🇸 Bohemians · United States
1507
-14
🇩🇪 Hindustanis · Germany
1500
-14
🇭🇰 Britons · Hong Kong SAR China
1479
-13
🇹🇼 Slavs · Taiwan
1479
-13
AntiMetaist
10:52 Feudal Age
14:26 Castle Age
13:27 Double-Bit Axe
15:41 Bow Saw
19:52 Bloodlines
20:11 Husbandry
20:42 Scale Barding Armor
21:44 Chain Barding Armor
22:46 Forging
25:50 Wheelbarrow
24:57 Horse Collar
26:18 Iron Casting
26:09 Town Watch
26:29 Heavy Plow
33:55 Imperial Age
31:43 Hand Cart
USTA
9:02 Feudal Age
9:36 Double-Bit Axe
13:35 Horse Collar
15:30 Wheelbarrow
19:29 Castle Age
18:29 Gold Mining
19:34 Capped Ram
22:30 Bow Saw
28:44 Imperial Age
27:57 Hand Cart
27:28 Town Watch
27:30 Loom
28:32 Coinage
28:45 Gold Shaft Mining
28:00 Stone Mining
29:55 Banking
29:40 Caravan
30:48 Two-Man Saw
29:48 Heavy Plow
chenst2020
11:28 Feudal Age
15:26 Castle Age
13:19 Double-Bit Axe
13:59 Loom
14:08 Gold Mining
17:14 Bow Saw
23:28 Wheelbarrow
24:22 Scale Mail Armor
24:33 Forging
25:20 Chain Mail Armor
29:05 Squires
29:43 Iron Casting
中方县最后一个老实人
11:26 Feudal Age
15:09 Castle Age
14:06 Double-Bit Axe
14:34 Horse Collar
23:02 Wheelbarrow
22:41 Bow Saw
23:24 Wheelbarrow
22:38 Loom
24:40 Heavy Plow
24:31 Gold Mining
24:33 Stone Mining
27:31 Stone Shaft Mining
30:55 Imperial Age
29:01 Hand Cart
29:14 Town Watch
29:53 Scale Barding Armor
29:58 Forging
31:57 Conscription
30:59 Elite Leitis
ila
7:37 Loom
10:01 Feudal Age
16:13 Castle Age
14:34 Double-Bit Axe
15:31 Horse Collar
17:26 Bow Saw
17:20 Heavy Plow
21:26 Fletching
Miru
11:26 Feudal Age
15:43 Castle Age
14:00 Double-Bit Axe
14:00 Horse Collar
16:46 Bow Saw
21:15 Pikeman
23:16 Scale Mail Armor
23:26 Forging
24:57 Squires
25:23 Gold Mining
27:52 Gold Shaft Mining
28:06 Wheelbarrow
27:17 Loom
28:00 Chain Mail Armor
28:20 Iron Casting
28:47 Stone Mining
29:01 Detinets
32:02 Imperial Age
_
9:47 Feudal Age
14:24 Castle Age
12:41 Double-Bit Axe
13:09 Horse Collar
15:58 Bow Saw
16:35 Heavy Plow
20:47 Stone Mining
21:11 Gold Mining
21:56 Loom
23:22 Wheelbarrow
22:51 Heavy Plow
28:45 Imperial Age
27:07 Hand Cart
26:53 Fletching
28:33 Gold Shaft Mining
28:07 Bodkin Arrow
28:51 Ballistics
28:41 Padded Archer Armor
30:00 Conscription
30:44 Chemistry
Alexspiration
9:43 Feudal Age
14:52 Castle Age
13:19 Double-Bit Axe
14:07 Horse Collar
15:00 Gold Mining
16:30 Bow Saw
19:50 Wheelbarrow
28:04 Hand Cart
Connection lost

Rejoining the realm…

Still unreachable

The connection could not be restored.

Session expired

The server has moved on; the page needs a fresh start.